Map: Proxima Station LE

Players

Harstem

  • Race: Protoss Protoss
  • Spawn Location: 1:00

Serral - Winner!

  • Race: Zerg Zerg
  • Spawn Location: 7:00

Event: WCS Austin 2017

VOD

Have the link to the VOD?

Description

Time

  • Played on: April 28, 2017, 9:04 p.m.
  • Length: 13:20

All games in this series

Show
View Real Time Build Order
Export as new Build Order

Harstem Protoss 

Build Orders: 1 Gate Expand, Oracle Opening 

Get SALT Encoding   

  12  0:01  Probe (Chrono Boost)  
  13  0:11  Probe (Chrono Boost)  
  14  0:17  Pylon  
  14  0:22  Probe (Chrono Boost)  
  15  0:35  Probe (Chrono Boost)  
  16  0:38  Gateway  
  16  0:46  Probe (Chrono Boost)  
  16  0:47  Assimilator  
  17  0:56  Probe (Chrono Boost)  
  18  1:07  Probe (Chrono Boost)  
  19  1:17  Probe (Chrono Boost)  
  20  1:23  Nexus  
  20  1:33  Cybernetics Core  
  20  1:37  Probe (Chrono Boost)  
  21  1:41  Assimilator  
  21  1:47  Probe (Chrono Boost)  
  21  1:52  Pylon  
  22  1:58  Probe (Chrono Boost)  
  23  2:10  Probe (Chrono Boost)  
  23  2:15  Stargate  
  24  2:20  Adept  
  24  2:22  Probe (Chrono Boost)  
  27  2:30  Warp Gate  
  27  2:34  Probe (Chrono Boost)  
  27  2:36  Probe (Chrono Boost)  
  29  2:46  Probe (Chrono Boost), Adept  
  29  2:47  Probe (Chrono Boost)  
  33  2:55  Oracle  
  33  2:58  Probe (Chrono Boost)  
  35  2:59  Probe (Chrono Boost)  
  38  3:08  Probe (Chrono Boost)  
  38  3:11  Probe (Chrono Boost)  
  40  3:14  Gateway  
  40  3:17  Gateway  
  40  3:19  Probe (Chrono Boost)  
  41  3:23  Probe (Chrono Boost)  
  41  3:26  Oracle  
  42  3:29  Probe (Chrono Boost)  
  42  3:32  Pylon  
  46  3:51  Probe (Chrono Boost)  
  46  3:52  Probe (Chrono Boost)  
  48  3:57  Twilight Council  
  48  4:01  Probe (Chrono Boost), Pylon  
  49  4:04  Probe (Chrono Boost)  
  49  4:08  Pylon, Phoenix  
  50  4:12  Probe (Chrono Boost)  
  50  4:16  Probe (Chrono Boost)  
  54  4:21  Resonating Glaives  
  54  4:22  Probe (Chrono Boost)  
  55  4:28  Probe (Chrono Boost)  
  55  4:30  Nexus  
  56  4:32  Pylon  
  56  4:34  Probe (Chrono Boost)  
  57  4:39  Assimilator  
  57  4:41  Probe (Chrono Boost)  
  57  4:45  Assimilator  
  59  4:46  Probe (Chrono Boost)  
  59  4:50  Pylon  
  59  4:52  Adept x3  
  65  4:55  Probe (Chrono Boost)  
  65  4:59  Probe (Chrono Boost)  
  68  5:07  Probe (Chrono Boost)  
  68  5:10  Robotics Facility  
  68  5:11  Probe (Chrono Boost)  
  69  5:18  Adept x3  
  69  5:19  Probe (Chrono Boost)  
  77  5:23  Probe (Chrono Boost), Pylon  
  77  5:27  Forge  
  77  5:31  Probe (Chrono Boost)  
  78  5:41  Stargate  
  80  5:43  Probe (Chrono Boost), Adept x2  
  80  5:45  Adept  
  80  5:47  Protoss Ground Weapons Level 1  
  80  5:48  Probe (Chrono Boost)  
  86  5:50  Pylon  
  86  5:51  Mothership Core (Chrono Boost)  
  86  5:55  Warp Prism, Probe (Chrono Boost)  
  89  6:00  Probe (Chrono Boost)  
  92  6:04  Sentry  
  92  6:07  Probe (Chrono Boost)  
  92  6:08  Pylon  
  92  6:10  Sentry  
  99  6:13  Assimilator  
  86  6:25  Probe (Chrono Boost)  
  84  6:28  Probe x2 (Chrono Boost)  
  84  6:29  Immortal  
  80  6:33  Adept x3  
  80  6:37  Probe (Chrono Boost)  
  89  6:42  Assimilator, Probe (Chrono Boost)  
  90  6:48  Gateway  
  90  6:49  Gateway  
  90  6:50  Charge  
  90  6:53  Probe (Chrono Boost)  
  91  6:54  Gateway  
  91  6:55  Pylon  
  91  6:56  Pylon  
  91  6:57  Zealot  
  91  6:59  Probe (Chrono Boost)  
  94  7:03  Templar Archives  
  94  7:05  Pylon  
  94  7:06  Probe (Chrono Boost)  
  95  7:08  Gateway  
  95  7:15  Immortal  
  95  7:21  Probe (Chrono Boost)  
  100  7:27  Protoss Ground Weapons Level 2  
  100  7:30  Adept x3  
  100  7:33  Psionic Storm  
  98  7:42  Robotics Facility  
  100  7:46  Gateway  
  100  7:50  Pylon  
  98  7:58  High Templar  
  98  8:02  Photon Cannon  
  98  8:04  Nexus  
  100  8:08  Pylon  
  100  8:11  High Templar x2  
  100  8:12  Zealot x3  
  105  8:13  Zealot  
  105  8:17  Probe (Chrono Boost)  
  112  8:22  Probe (Chrono Boost)  
  112  8:24  Probe (Chrono Boost)  
  114  8:29  Probe (Chrono Boost)  
  114  8:31  Immortal  
  114  8:32  Immortal  
  114  8:34  Pylon  
  123  8:35  Pylon  
  123  8:37  Pylon  
  123  8:38  Zealot x3  
  129  8:53  Probe (Chrono Boost), Photon Cannon  
  130  8:56  Pylon  
  130  8:58  Adept  
  132  9:10  High Templar x2  
  132  9:11  High Templar x2  
  132  9:12  Zealot x2  
  140  9:17  Pylon, Archon, Photon Cannon  
  140  9:19  Archon  
  140  9:20  Gateway  
  140  9:21  Photon Cannon  
  138  9:31  Zealot x2  
  140  9:32  Immortal  
  140  9:33  Immortal  
  144  9:40  High Templar x2  
  144  9:42  Zealot x2  
  144  9:44  Zealot x2  
  156  9:47  Assimilator  
  156  9:51  Photon Cannon  
  156  9:52  Assimilator  
  158  9:53  Probe x2 (Chrono Boost)  
  158  9:54  Pylon  
  158  9:55  Zealot x2  
  159  10:05  Zealot x4  
  141  10:08  Archon  
  141  10:11  Archon  
  141  10:12  Zealot x2  
  133  10:17  Zealot x2  
  122  10:26  Probe (Chrono Boost)  
  116  10:30  Probe x2 (Chrono Boost), Immortal  
  116  10:31  Probe (Chrono Boost)  
  116  10:34  High Templar x4  
  122  10:36  Immortal  
  122  10:38  Zealot x2, Sentry  
  122  10:41  Mothership Core (Chrono Boost)  
  134  10:45  Probe (Chrono Boost)  
  136  10:51  Probe (Chrono Boost)  
  136  10:52  Photon Cannon  
  136  10:53  High Templar x2, Pylon  
  140  10:58  Archon  
  140  11:04  Immortal  
  140  11:05  Photon Cannon  
  140  11:08  Zealot x4  
  150  11:15  Observer  
  150  11:17  Probe (Chrono Boost)  
  150  11:18  High Templar x2, Pylon  
  152  11:20  Zealot  
  152  11:23  Archon  
  156  11:33  Zealot  
  156  11:34  Zealot x5  
  156  11:36  Observer  
  169  11:47  Zealot  
  169  11:51  Fleet Beacon  
  169  11:52  Immortal  
  171  11:56  Stargate  
  171  12:01  Warp Prism  
  169  12:04  High Templar x2  
  169  12:05  High Templar x2  
  167  12:09  Archon  
  167  12:11  Pylon  
  167  12:12  Pylon  
  167  12:13  Photon Cannon  
  167  12:17  Archon, Photon Cannon  
  167  12:25  Zealot x3  
  171  12:31  Photon Cannon  
  171  12:32  Photon Cannon  
  171  12:34  High Templar x2, Photon Cannon  
  175  12:38  Archon  
  175  12:43  Archon  
  157  12:46  Zealot x7  
  102  13:01  Probe (Chrono Boost)  
  89  13:08  Zealot x2  
  89  13:09  Zealot x5  
Show
View Real Time Build Order
Export as new Build Order

Serral Zerg - Winner!

Build Orders: Hatch First 

Get SALT Encoding   

  12  0:00  Drone  
  13  0:13  Overlord  
  13  0:18  Drone  
  14  0:31  Drone x2  
  14  0:35  Drone  
  17  0:52  Hatchery  
  17  0:55  Drone  
  17  0:58  Drone  
  18  1:08  Extractor  
  17  1:13  Spawning Pool  
  17  1:16  Drone  
  17  1:19  Drone  
  18  1:28  Drone  
  19  1:39  Overlord  
  19  1:49  Drone  
  20  1:59  Queen  
  20  2:00  Zergling x2  
  23  2:03  Queen  
  23  2:04  Drone  
  23  2:08  Metabolic Boost  
  26  2:11  Drone  
  27  2:17  Drone  
  27  2:22  Drone  
  29  2:30  Drone  
  29  2:35  Hatchery  
  29  2:40  Drone  
  30  2:44  Queen  
  30  2:50  Overlord  
  32  2:52  Drone  
  32  2:54  Drone  
  32  2:56  Drone  
  35  3:01  Drone  
  36  3:06  Overlord  
  36  3:08  Drone  
  36  3:09  Drone x2  
  39  3:13  Drone x2  
  39  3:18  Drone x2  
  43  3:23  Queen  
  43  3:26  Drone  
  46  3:32  Spore Crawler  
  46  3:33  Spore Crawler  
  44  3:35  Drone  
  44  3:36  Drone x2  
  44  3:40  Overlord  
  46  3:43  Drone  
  46  3:45  Drone  
  46  3:47  Drone  
  45  3:51  Drone  
  45  3:58  Zergling x4  
  47  4:04  Drone  
  47  4:06  Spore Crawler  
  47  4:08  Zergling x6  
  50  4:14  Queen  
  52  4:17  Spore Crawler  
  52  4:20  Overlord  
  52  4:21  Drone  
  52  4:22  Drone  
  52  4:23  Drone  
  55  4:24  Overlord  
  55  4:28  Drone x2  
  55  4:30  Drone  
  58  4:32  Drone  
  58  4:37  Drone, Baneling Nest  
  59  4:40  Overlord  
  59  4:43  Drone  
  59  4:45  Drone x2  
  62  4:47  Drone  
  62  4:49  Overlord  
  62  4:51  Drone  
  64  4:56  Overlord  
  64  4:58  Zergling x4  
  65  5:04  Lair  
  65  5:06  Zergling x6  
  67  5:07  Drone  
  67  5:09  Drone, Extractor  
  67  5:10  Drone  
  67  5:12  Drone  
  67  5:13  Drone  
  71  5:15  Drone x2  
  71  5:20  Drone  
  74  5:24  Zergling x2  
  74  5:25  Zergling x6  
  74  5:26  Drone  
  79  5:31  Drone x3  
  79  5:32  Drone  
  83  5:36  Zergling x2  
  83  5:37  Zergling x2  
  85  5:46  Drone x3  
  85  5:47  Drone  
  85  5:48  Hatchery  
  88  5:50  Extractor x2  
  88  5:51  Baneling x7  
  88  5:52  Zergling x4  
  88  5:54  Zergling x2  
  89  6:00  Overlord  
  89  6:06  Hydralisk Den  
  89  6:08  Overlord, Extractor  
  89  6:10  Zergling x4  
  82  6:19  Drone  
  82  6:20  Drone  
  82  6:22  Drone  
  82  6:23  Drone x2  
  82  6:24  Drone x2  
  84  6:26  Drone x3  
  84  6:32  Drone x3  
  86  6:33  Drone, Extractor  
  86  6:35  Centrifical Hooks  
  86  6:36  Muscular Augments, Drone  
  86  6:38  Overlord  
  87  6:40  Drone x3  
  87  6:46  Hatchery  
  89  6:55  Hydralisk x4  
  89  7:01  Evolution Chamber  
  96  7:03  Drone  
  96  7:04  Drone x6  
  96  7:05  Drone  
  96  7:07  Spore Crawler  
  103  7:10  Hydralisk x2  
  106  7:16  Hydralisk  
  106  7:17  Hydralisk  
  106  7:20  Overlord x2  
  106  7:21  Overlord  
  107  7:31  Zergling x10  
  111  7:39  Hydralisk x2  
  111  7:40  Zergling x10  
  118  7:47  Overlord, Zerg Melee Weapons Level 1  
  118  7:48  Overlord, Hydralisk x3  
  118  7:49  Zergling x6  
  127  7:54  Hydralisk x2  
  127  7:57  Pneumatized Carapace  
  131  8:01  Hydralisk  
  131  8:02  Zergling x4, Hydralisk x2  
  139  8:13  Overlord, Hydralisk  
  139  8:14  Zergling x2, Hydralisk x2  
  139  8:15  Zergling x10  
  139  8:19  Overlord  
  151  8:20  Drone  
  152  8:27  Hydralisk x3  
  158  8:37  Overlord  
  158  8:38  Overlord  
  158  8:40  Hydralisk x3  
  158  8:41  Zergling x4  
  166  8:51  Overlord x3  
  164  8:56  Hydralisk x3  
  164  8:57  Hydralisk x5  
  164  9:00  Zergling x6  
  181  9:07  Drone  
  181  9:08  Drone x2  
  180  9:10  Baneling  
  180  9:11  Baneling x21  
  180  9:15  Drone x2  
  181  9:18  Hatchery  
  181  9:19  Drone  
  181  9:24  Zergling x2  
  181  9:25  Zergling x10  
  184  9:34  Zergling x2  
  184  9:35  Zergling x20  
  189  9:40  Queen  
  189  9:42  Zerg Melee Weapons Level 2  
  189  9:45  Baneling x4  
  191  9:46  Baneling x4  
  191  9:48  Zergling x2  
  191  9:49  Zergling x6  
  191  9:52  Zergling x8  
  199  9:53  Zergling x2  
  199  9:57  Zergling x2  
  198  10:04  Zergling x2  
  198  10:05  Zergling x22  
  192  10:12  Zergling x6  
  179  10:17  Zergling x2  
  179  10:18  Zergling x16  
  159  10:26  Hydralisk x3  
  159  10:27  Hydralisk  
  145  10:41  Drone, Hydralisk  
  145  10:42  Hydralisk x5  
  158  10:51  Hydralisk x2  
  158  10:52  Zergling x2  
  158  10:53  Zergling x12  
  169  11:02  Infestation Pit, Zergling x18  
  176  11:11  Zergling x2  
  176  11:12  Zergling x10  
  176  11:17  Baneling x2  
  176  11:18  Baneling x14  
  182  11:19  Baneling  
  182  11:20  Baneling x8  
  182  11:24  Zergling x10  
  184  11:35  Baneling x5  
  184  11:36  Baneling x7  
  184  11:37  Baneling x4  
  184  11:38  Zergling x2  
  184  11:39  Zergling x16  
  190  11:49  Zergling x2  
  190  11:50  Zergling x20  
  192  11:55  Drone  
  192  11:56  Drone x5  
  192  11:59  Drone x2  
  199  12:07  Hive  
  188  12:11  Spire  
  187  12:18  Zergling x2  
  187  12:19  Zergling x14  
  195  12:26  Baneling x7  
  194  12:31  Baneling x5  
  194  12:32  Baneling  
  194  12:33  Zergling x10  
  199  12:41  Zergling x2  
  199  12:42  Zergling x22  
  187  12:48  Zergling x2  
  187  12:49  Zergling x14  
  148  13:19  Extractor  
Tags
 
Add a new tag
Caveats
  • Supply blocks, unpowered buildings, or Contaminate may cause inaccurate times.
  • Supply counts are checked every 10 seconds.